 Dungeon Crawl Stone Soup version 0.29.0-4-gdea44cf6ec (webtiles) character file.

Game seed: 16255725628144390976

802 qw the Cleaver (level 7, -17/41 HPs)
             Began as a Tengu Warper on Aug 28, 2022.
             Demolished by an ogre
             ... wielding a +0 giant spiked club
              (24 damage)
             ... on level 5 of the Dungeon.
             The game lasted 00:00:28 (6178 turns).

qw the Cleaver (Tengu Warper)                       Turns: 6178, Time: 00:00:29

Health: -17/41     AC: 12    Str: 13    XL:     7   Next: 91%
Magic:  11/11      EV:  5    Int: 13    God:
Gold:   247        SH:  5    Dex: 14    Spells: 10/10 levels left

rFire   + . .      SeeInvis +   Y - +2 war axe
rCold   . . .      Faith    .   (no shield)
rNeg    . . .      Spirit   .   j - +0 plate armour
rPois   .          Reflect  +   (helmet restricted)
rElec   .          Harm     .   (no cloak)
rCorr   .          Rampage  .   c - +0 pair of gloves
Will    .....                   (boots unavailable)
Stlth   ..........              g - amulet of reflection
HPRegen 0.13/turn               a - ring of see invisible
MPRegen 0.12/turn               f - ring of protection from fire

@: flying quickly and evasively, quick
A: beak, talons 3, nimble flight
a: no special abilities


You were on level 5 of the Dungeon.
You visited 1 branch of the dungeon, and saw 5 of its levels.

You collected 247 gold pieces.


Innate Abilities, Weirdness & Mutations

You have a beak for a mouth.
You have claws for feet.
Your magical nature lets you fly swiftly and evasively.


   Skills:
 - Level 3.6 Fighting
 - Level 8.2 Axes
 - Level 1.0 Throwing
 + Level 3.5 Armour
 - Level 2.1 Dodging
 - Level 2.0 Spellcasting
 - Level 2.4 Translocations


You had 10 spell levels left.
You didn't know any spells.
Your spell library contained the following spells:

 Spells                   Type           Power      Damage    Failure   Level
 Blink                    Tloc           14%        N/A       100%        2
 Gell's Gravitas          Tloc           7%         N/A       100%        3
 Lesser Beckoning         Tloc           7%         N/A       100%        3
 Teleport Other           Tloc           7%         N/A       100%        3
 Manifold Assault         Tloc           7%         N/A       100%        5

Inventory:

Hand Weapons
 e - a +0 flail
 Y - a +2 war axe (weapon)
Armour
 c - a +0 pair of gloves (worn)
 j - a +0 plate armour (worn)
Jewellery
 a - a ring of see invisible (left hand)
 b - a ring of protection from fire
 f - a ring of protection from fire (right hand)
 g - an amulet of reflection (around neck)
Scrolls
 i - a scroll of amnesia {unknown}
Potions
 d - 2 potions of might
 h - a potion of degeneration {unknown}

Dungeon Overview and Level Annotations

Branches:
Dungeon (5/15)
 Temple: D:4-7

Altars:
Dithmenos

Annotations:
D:4 3 runed translucent doors, qw's ghost, novice TeWr


Message History

Eustachio hits you but does no damage.
You slash Eustachio!
You kill Eustachio!
The crimson imp disappears in a puff of smoke!
Your Axes skill increases to level 8!
You start waiting.
Done waiting.
Things that are here:
a +0 falchion; a +0 leather armour You reach down and open the door.
There is an open door here.
You now have 247 gold pieces (gained 10).
i - a scroll of enchant weapon
Enter note:
Enter note:
Enter note:
6078 ||| READING scroll of enchant weapon.
As you read the scroll of enchant weapon, it crumbles to dust.
Your +1 war axe glows red for a moment.
6078 ||| ENCHANTING +1 war axe.
i - a scroll labelled EMASOFR VUKHAO You reach down and open the door.
There is an open door here.
There is an open door here.
You reach down and open the door.
An ogre comes into view. It is wielding a +0 giant spiked club.
The ogre shouts!
Found a stone staircase leading down.
You closely miss the ogre. You claw the ogre, but do no damage.
You peck the ogre.
The ogre is lightly wounded.
The ogre hits you with a +0 giant spiked club!
You hit the ogre. You claw the ogre, but do no damage. You punch the ogre.
The ogre is moderately wounded.
The ogre hits you with a +0 giant spiked club!!
Ouch! That really hurt!
You hit the ogre. You peck the ogre.
The ogre is heavily wounded.
The ogre hits you with a +0 giant spiked club!!
Ouch! That really hurt!
You die...

#########.#####
..........######+###
#########.##.......#
..).....#.# .......#
#######.#.# ......#
# #.#.# ..>.. #
#.#.# ... #
###.#.######O# #
#...........@# #
#.#<#.######## #
#.#.#.# # #.#.#.# #
#.#<#.######### ##
#.#.#.#........
.####.).#.#'######
.'......#........#
.######)#........##


You could see an ogre.

Vanquished Creatures
  Eustachio (D:5)
  3 ogres
  A centaur (D:5)
  A scorpion (D:4)
  2 hounds (D:4)
  An orc wizard (D:4)
  7 adders
  2 gnolls (D:3)
  A shadow imp (D:3)
  6 dart slugs
  10 orcs
  A ball python (D:1)
  6 bats
  4 endoplasms
  3 giant cockroaches
  8 goblins
  4 hobgoblins
  15 jackals
  8 kobolds
  2 quokkas
  A frilled lizard (D:2)
  5 rats
92 creatures vanquished.

Notes
Turn   | Place    | Note
-------+----------+-------------------------------------------
     0 | D:1      | qw the Tengu Warper began the quest for the Orb.
     0 | D:1      | Reached XP level 1. HP: 12/12 MP: 4/4
     0 | D:1      | 0 ||| qw: Version: 0.1-a-89-g26bdef1
     0 | D:1      | 0 ||| qw: Game counter: 746
     0 | D:1      | 0 ||| qw: Always use a shield: true
     0 | D:1      | 0 ||| qw: God list: Okawaru
     0 | D:1      | 0 ||| qw: Allow faded altars: false
     0 | D:1      | 0 ||| qw: Do Orc after D:15 true
     0 | D:1      | 0 ||| qw: Do second Lair branch before Depths: true
     0 | D:1      | 0 ||| qw: Lair rune preference: random
     0 | D:1      | 0 ||| qw: Plans: Normal
     0 | D:1      | 0 ||| PLANNING D:1-11
   120 | D:1      | 120 ||| Stepping ~*~*~tactically~*~*~ (stealth).
   128 | D:1      | Reached skill level 3 in Axes
   128 | D:1      | Reached XP level 2. HP: 15/17 MP: 6/6
   137 | D:1      | 137 ||| Stepping ~*~*~tactically~*~*~ (stealth).
   138 | D:1      | 138 ||| Stepping ~*~*~tactically~*~*~ (stealth).
   157 | D:1      | 157 ||| Stepping ~*~*~tactically~*~*~ (stealth).
   317 | D:1      | Found a faded altar of an unknown god.
   724 | D:1      | Reached XP level 3. HP: 12/21 MP: 7/7
  1021 | D:1      | 1021 ||| UPGRADING to +0 ring mail.
  1031 | D:1      | 1031 ||| DROPPING +0 leather armour.
  1032 | D:1      | 1032 ||| UPGRADING to amulet of reflection.
  1037 | D:1      | 1037 ||| READING scroll labelled ORUNNY ZYPHAOMM.
  1038 | D:1      | 1038 ||| DRINKING 2 blue potions.
  1039 | D:1      | 1039 ||| DROPPING scroll of blinking.
  1060 | D:2      | 1060 ||| Stepping ~*~*~tactically~*~*~ (stealth).
  1086 | D:2      | Reached skill level 4 in Axes
  1289 | D:2      | 1289 ||| Stepping ~*~*~tactically~*~*~ (hiding).
  1291 | D:2      | 1291 ||| Stepping ~*~*~tactically~*~*~ (hiding).
  1294 | D:2      | 1294 ||| Stepping ~*~*~tactically~*~*~ (hiding).
  1459 | D:2      | Reached XP level 4. HP: 26/26 MP: 8/8
  1626 | D:2      | 1626 ||| Stepping ~*~*~tactically~*~*~ (hiding).
  1627 | D:2      | 1627 ||| SWAPPING to +0 war axe.
  1636 | D:2      | 1636 ||| DROPPING +0 hand axe.
  2029 | D:2      | 2029 ||| FLEEEEING.
  2030 | D:2      | 2030 ||| FLEEEEING.
  2031 | D:2      | 2031 ||| FLEEEEING.
  2032 | D:2      | 2032 ||| FLEEEEING.
  2033 | D:2      | 2033 ||| FLEEEEING.
  2034 | D:2      | 2034 ||| FLEEEEING.
  2035 | D:2      | 2035 ||| FLEEEEING.
  2036 | D:2      | 2036 ||| FLEEEEING.
  2037 | D:2      | 2037 ||| FLEEEEING.
  2038 | D:2      | 2038 ||| FLEEEEING.
  2039 | D:2      | 2039 ||| FLEEEEING.
  2040 | D:2      | 2040 ||| FLEEEEING.
  2041 | D:2      | 2041 ||| FLEEEEING.
  2042 | D:2      | 2042 ||| FLEEEEING.
  2043 | D:2      | 2043 ||| FLEEEEING.
  2044 | D:2      | 2044 ||| FLEEEEING.
  2045 | D:2      | 2045 ||| FLEEEEING.
  2047 | D:2      | 2047 ||| FLEEEEING.
  2048 | D:2      | 2048 ||| FLEEEEING.
  2049 | D:2      | 2049 ||| FLEEEEING.
  2050 | D:2      | 2050 ||| FLEEEEING.
  2051 | D:2      | 2051 ||| FLEEEEING.
  2052 | D:2      | 2052 ||| FLEEEEING.
  2053 | D:2      | 2053 ||| FLEEEEING.
  2055 | D:2      | 2055 ||| FLEEEEING.
  2056 | D:2      | 2056 ||| FLEEEEING.
  2058 | D:2      | 2058 ||| FLEEEEING.
  2059 | D:2      | 2059 ||| STAIRDANCE
  2106 | D:1      | 2106 ||| UPGRADING to ring of see invisible.
  2143 | D:2      | Reached skill level 5 in Axes
  2244 | D:2      | 2244 ||| DRINKING 2 smoky orange potions.
  2245 | D:2      | 2245 ||| DROPPING potion of flight.
  2377 | D:3      | 2377 ||| Stepping ~*~*~tactically~*~*~ (stealth).
  2513 | D:3      | 2513 ||| DROPPING +1 mace of draining.
  2636 | D:3      | 2636 ||| Stepping ~*~*~tactically~*~*~ (hiding).
  2637 | D:3      | 2637 ||| Stepping ~*~*~tactically~*~*~ (hiding).
  2679 | D:3      | 2679 ||| FLEEEEING.
  2760 | D:3      | 2760 ||| FLEEEEING.
  2761 | D:3      | 2761 ||| FLEEEEING.
  2762 | D:3      | 2762 ||| FLEEEEING.
  2775 | D:3      | 2775 ||| FLEEEEING.
  2776 | D:3      | 2776 ||| FLEEEEING.
  2777 | D:3      | 2777 ||| FLEEEEING.
  2778 | D:3      | 2778 ||| FLEEEEING.
  2779 | D:3      | 2779 ||| FLEEEEING.
  2780 | D:3      | 2780 ||| FLEEEEING.
  2782 | D:3      | 2782 ||| FLEEEEING.
  2785 | D:3      | 2785 ||| FLEEEEING.
  2786 | D:3      | 2786 ||| FLEEEEING.
  2787 | D:3      | 2787 ||| FLEEEEING.
  2788 | D:3      | 2788 ||| FLEEEEING.
  2789 | D:3      | 2789 ||| FLEEEEING.
  2790 | D:3      | 2790 ||| FLEEEEING.
  2792 | D:3      | 2792 ||| FLEEEEING.
  2793 | D:3      | 2793 ||| FLEEEEING.
  2794 | D:3      | 2794 ||| FLEEEEING.
  2795 | D:3      | 2795 ||| FLEEEEING.
  2796 | D:3      | 2796 ||| FLEEEEING.
  2797 | D:3      | 2797 ||| FLEEEEING.
  2799 | D:3      | 2799 ||| FLEEEEING.
  2800 | D:3      | 2800 ||| FLEEEEING.
  2866 | D:3      | Gained mutation: Your magical nature lets you fly swiftly
                  | and evasively. [Tengu growth]
  2866 | D:3      | Reached XP level 5. HP: 30/30 MP: 9/9
  2899 | D:3      | 2899 ||| Stepping ~*~*~tactically~*~*~ (stealth).
  2943 | D:3      | 2943 ||| READING scroll labelled BETTUE EPHUCA.
  3092 | D:3      | Identified the +9 spear of the Final Decision {vorpal,
                  | rElec rF+}
  3129 | D:3      | 3129 ||| Stepping ~*~*~tactically~*~*~ (hiding).
  3148 | D:3      | 3148 ||| Stepping ~*~*~tactically~*~*~ (stealth).
  3265 | D:3      | 3265 ||| Stepping ~*~*~tactically~*~*~ (stealth).
  3277 | D:3      | 3277 ||| Stepping ~*~*~tactically~*~*~ (stealth).
  3353 | D:3      | 3353 ||| Stepping ~*~*~tactically~*~*~ (stealth).
  3535 | D:4      | 3535 ||| Stepping ~*~*~tactically~*~*~ (stealth).
  3536 | D:4      | 3536 ||| Stepping ~*~*~tactically~*~*~ (stealth).
  3547 | D:4      | Reached skill level 6 in Axes
  3865 | D:4      | 3865 ||| Stepping ~*~*~tactically~*~*~ (stealth).
  3867 | D:4      | 3867 ||| Stepping ~*~*~tactically~*~*~ (hiding).
  3892 | D:4      | 3892 ||| FLEEEEING.
  3893 | D:4      | 3893 ||| FLEEEEING.
  3894 | D:4      | 3894 ||| FLEEEEING.
  3900 | D:4      | 3900 ||| FLEEEEING.
  3901 | D:4      | 3901 ||| FLEEEEING.
  3904 | D:4      | 3904 ||| STAIRDANCE
  3988 | D:4      | 3988 ||| Stepping ~*~*~tactically~*~*~ (stealth).
  4101 | D:4      | 4101 ||| Stepping ~*~*~tactically~*~*~ (stealth).
  4187 | D:4      | Reached XP level 6. HP: 34/35 MP: 10/10
  4250 | D:4      | Found a shadowy altar of Dithmenos.
  4344 | D:4      | Found a runed translucent gate.
  4344 | D:4      | Noticed qw's ghost (novice TeWr)
  4345 | D:4      | Found a runed translucent gate.
  4345 | D:4      | Noticed a steam dragon
  4346 | D:4      | Found a runed translucent gate.
  4423 | D:4      | Reached skill level 7 in Axes
  4485 | D:4      | 4485 ||| Stepping ~*~*~tactically~*~*~ (stealth).
  4748 | D:4      | HP: 3/36 [ogre/+0 giant club (27)]
  4750 | D:4      | Reached skill level 3 in Fighting
  4750 | D:4      | Reached XP level 7. HP: 4/41 MP: 11/11
  5614 | D:4      | 5614 ||| UPGRADING to +0 pair of gloves.
  5619 | D:4      | 5619 ||| UPGRADING to +0 plate armour.
  5629 | D:4      | 5629 ||| DROPPING +0 ring mail.
  5630 | D:4      | 5630 ||| UPGRADING to ring of protection from fire.
  5631 | D:4      | 5631 ||| READING scroll labelled TENE UJYRUENOSOR.
  5697 | D:5      | Entered Level 5 of the Dungeon
  5713 | D:5      | 5713 ||| Stepping ~*~*~tactically~*~*~ (hiding).
  5725 | D:5      | Reached skill level 3 in Armour
  5863 | D:5      | Noticed Eustachio
  5868 | D:5      | 5868 ||| Stepping ~*~*~tactically~*~*~ (hiding).
  5874 | D:5      | Killed Eustachio
  5875 | D:5      | Reached skill level 8 in Axes
  6078 | D:5      | 6078 ||| READING scroll of enchant weapon.
  6078 | D:5      | 6078 ||| ENCHANTING +1 war axe.
  6177 | D:5      | HP: 7/41 [ogre/+0 giant spiked club (23)]
  6178 | D:5      | Demolished by an ogre

Levels and vault maps discovered:
D:1:      dpeg_arrival_rooms_c, layout_loops_ring,
          shapermc_ecumenical_altar_ellora, minmay_bisected
D:2:      layout_basic
D:3:      layout_basic
D:4:      layout_layer_cave, lemuel_crystal_altar, gammafunk_ghost_split
D:5:      layout_basic, gammafunk_ghost_smash, uniq_eustachio, uniq_sigmund

Skill      XL: |  1  2  3  4  5  6  7 |
---------------+----------------------+-----
Axes           | 3 4 5 6 7 8 |  8.2
Fighting       | 3 |  3.6
Armour         | 3 |  3.5
Throwing       | |  1.0
Dodging        | |  2.1
Spellcasting   | |  2.0
Translocations | |  2.4

Action                   |  1- 3 |  4- 6 |  7- 9 || total
-------------------------+-------+-------+-------++-------
Melee: Hand axe          |    70 |    16 |       ||    86
       Kick              |    24 |    30 |    12 ||    66
       Peck              |     7 |    28 |     4 ||    39
       Punch             |     1 |     1 |     1 ||     3
       War axe           |       |   123 |    29 ||   152
Throw: Boomerang         |     7 |       |       ||     7
  Use: Potion            |     1 |     1 |       ||     2
       Scroll            |     1 |     1 |     2 ||     4
Armor: Leather armour    |    17 |       |       ||    17
       Ring mail         |     6 |    38 |     5 ||    49
       Plate armour      |       |       |    13 ||    13
Dodge: Dodged            |    29 |    56 |     7 ||    92
Block: Other             |     1 |    27 |     3 ||    31
       Reflection        |     1 |       |       ||     1

Table legend:
 A = Non-vault XP
 B = Vault XP
 C = Vault XP percentage of total XP
 D = Non-vault monster count
 E = Vault monster count
 F = Vault count percentage of total count
                 A         B        C        D         E       F
            +---------+---------+-------+---------+---------+-------
      Total |     945 |     202 |  17.6 |      89 |       3 |   3.3
            +---------+---------+-------+---------+---------+-------
        D:1 |      33 |       5 |  13.2 |      18 |       2 |  10.0
        D:2 |      76 |       0 |   0.0 |      22 |       0 |   0.0
        D:3 |      86 |       0 |   0.0 |      19 |       0 |   0.0
        D:4 |     511 |       0 |   0.0 |      26 |       0 |   0.0
        D:5 |     239 |     197 |  45.2 |       4 |       1 |  20.0
            +---------+---------+-------+---------+---------+-------
